 Dungeon Crawl Stone Soup version 0.22-a0-445-g8c8ef71 (webtiles) character file.

156 Gorglomux the Covered (level 5, -2/49 HPs)
             Began as a Deep Dwarf Fighter on June 2, 2018.
             Slain by a wight
             ... wielding a +4 scimitar
              (6 damage)
             ... on level 3 of the Dungeon.
             The game lasted 00:00:30 (279 turns).

Gorglomux the Covered (Deep Dwarf Fighter)           Turns: 279, Time: 00:00:31

Health: -2/49      AC:  8    Str: 20    XL:     5   Next: 14%
Magic:  5/5        EV:  7    Int:  9    God:
Gold:   47         SH:  9    Dex: 12    Spells: 4/4 levels left

rFire    . . .     SeeInvis .   a - +0 war axe
rCold    . . .     Gourm    .   c - +0 shield
rNeg     . . .     Faith    .   b - +0 scale mail
rPois    .         Spirit   .   (no helmet)
rElec    .         Reflect  .   i - +0 cloak
rCorr    .         Harm     .   (no gloves)
MR       .....                  (no boots)
Stlth    ..........             (no amulet)
HPRegen  0.00/turn              (no ring)
MPRegen  0.09/turn              (no ring)

@: non-regenerating
A: damage resistance, heal wounds, sense surroundings 1, no regeneration
a: Heal Wounds


You were on level 3 of the Dungeon.
You were not hungry.

You visited 1 branch of the dungeon, and saw 3 of its levels.

You collected 47 gold pieces.

Inventory:

Hand Weapons
 a - a +0 war axe (weapon)
Armour
 b - a +0 scale mail (worn)
 c - a +0 shield (worn)
 i - a +0 cloak (worn)
Scrolls
 j - a scroll of identify {unknown}
 k - a scroll of amnesia {unknown}
 l - a scroll of fog {unknown}
Potions
 d - a potion of might
 h - 2 potions of curing {unknown}
Comestibles
 f - a ration
 g - 8 chunks of flesh


   Skills:
 + Level 3.5 Fighting
 + Level 3.4 Axes
 + Level 4.2 Armour
 + Level 4.2 Shields


You had 4 spell levels left.
You didn't know any spells.
Your spell library was empty.

Dungeon Overview and Level Annotations

Branches:
Dungeon (3/15)

Altars:


Innate Abilities, Weirdness & Mutations

You are resistant to damage.
You can heal yourself by infusing magical energy.
You passively map a small area around you.
You do not regenerate.


Message History

Your Armour skill increases to level 4!!!
Your Shields skill increases to level 4!!!
Your shield and scale mail prevent you from hitting the wight!
You closely miss the wight! You block the wight's attack!
The wight hits you with an butt scimitar!
The wight hits you with a dire flail!!! * * * don't die
* * * You carve the wight like a ham!
The wight is heavily damaged!
You barely miss the wight!
An adder comes into view!
The wight hits you but does no damage! You block the wight's attack!
The adder butts out of view!
Unknown command!
You chop the wight into pieces!!!
You destroy the wight!!!
You have reached level 5!!!
You chop the wight but do no damage! The wight closely misses you!
The wight hits you with an enchanted scimitar!!! rip

, * * * , ,
,......... ,. , <
.......# .#
#......#..# ,
#......#.# ,
#........#
..##.......#####
.[....)z........
**#.@).......
##.........
##.....>.. ##*
#..##..### * ,
...###.#...## , *
#.......#.#######
*
##......#.#.....#
** ,
##.....##.....#,
.#
#............#*


You could see a wight.

Vanquished Creatures
  2 wights (D:3)
  A gnoll (D:1)
  4 adders
  A worm (D:2)
  A dart slug (D:2)
  An orc (D:3)
  A bat (D:2)
  2 hobgoblins
  4 jackals (D:2)
  3 kobolds
  2 frilled lizards (D:2)
  A rat (D:1)
23 creatures vanquished.

Notes
Turn   | Place    | Note
-------+----------+-------------------------------------------
     0 | D:1      | Gorglomux the Deep Dwarf Fighter began the quest for the Orb.
     0 | D:1      | Reached XP level 1. HP: 20/20 MP: 1/1
    33 | D:1      | Reached XP level 2. HP: 18/27 MP: 2/2
   130 | D:2      | Reached skill level 3 in Fighting
   145 | D:2      | Reached XP level 3. HP: 13/34 MP: 3/3
   249 | D:3      | Reached skill level 3 in Axes
   249 | D:3      | Reached XP level 4. HP: 35/42 MP: 4/4
   279 | D:3      | Reached XP level 5. HP: 4/49 MP: 5/5
   279 | D:3      | Slain by a wight

Vault maps used:
D:1:      roderic_chinese_lattice_arrival, minmay_pentomino_p4
D:3:      zin_purify, minmay_crystal_room, nemelex_diamond_rough_becter

Skill      XL: |  1  2  3  4 |
---------------+-------------+-----
Fighting       | 3 |  3.5
Axes           | 3 |  3.4
Armour         | 4 |  4.2
Shields        | 4 |  4.2

Action                   |  1- 3 |  4- 6 || total
-------------------------+-------+-------++-------
Melee: War axe           |    71 |     9 ||    80
 Abil: Heal Wounds       |     1 |       ||     1
Armor: Scale mail        |    62 |     2 ||    64
Dodge: Dodged            |    36 |     6 ||    42
Block: Shield            |    56 |     4 ||    60

Table legend:
 A = Spawn XP
 B = Non-spawn XP
 C = Spawn XP percentage of total XP
 D = Spawn monster count
 E = Non-spawn monster count
 F = Spawn count percentage of total count
 G = Total turns spent on level
                    A         B        C        D         E        F      G
               +---------+---------+-------+---------+---------+-------+---------
         Total |       0 |     223 |   0.0 |       0 |      23 |   0.0 |   279
               +---------+---------+-------+---------+---------+-------+---------
           D:1 |       0 |      17 |   0.0 |       0 |       3 |   0.0 |   120
           D:2 |       0 |      65 |   0.0 |       0 |      15 |   0.0 |   120
           D:3 |       0 |     141 |   0.0 |       0 |       5 |   0.0 |    39
               +---------+---------+-------+---------+---------+-------+---------
